 Dungeon Crawl Stone Soup version 0.30.0-5-g1a98f26d00 (webtiles) character file.

Game seed: 4345382908692580682

326 Pimp the Gusty (level 6, -1/48 HPs)
             Began as a Tengu Air Elementalist on May 11, 2023.
             Succumbed to an adder's poison
             ... on level 5 of the Dungeon.
             The game lasted 00:15:48 (4600 turns).

Pimp the Gusty (Tengu Air Elementalist)             Turns: 4600, Time: 00:15:48

Health: -1/48      AC:  4    Str:  8    XL:     6   Next: 49%
Magic:  11/11      EV: 16    Int: 16    God:
Gold:   277        SH:  0    Dex: 16    Spells: 1/11 levels left

rFire   . . .        c - +1 spear (elec)
rCold   + . .        (no shield)
rNeg    + . .        j - +2 robe of the Gate {rC+ rN+}
rPois   .            (helmet restricted)
rElec   .            (no cloak)
rCorr   .            (no gloves)
SInv    .            (boots unavailable)
Will    .....        (no amulet) Stlth
                     (no ring)
HPRegen 0.28/turn    (no ring)
MPRegen 0.12/turn

%: no passive effects
@: mighty, berserking, lethally poisoned (-1 -> -13), flying quickly and
evasively, very quick
A: beak, talons 3, nimble flight
a: no special abilities


You were on level 5 of the Dungeon.
You visited 1 branch of the dungeon, and saw 5 of its levels.

You collected 277 gold pieces.

Inventory:

Hand Weapons
 c - a +1 spear of electrocution (weapon)
Armour
 a - a +0 robe
 i - a +3 leather armour
 j - the +2 robe of the Gate (worn) {rC+ rN+}
   (You found it on level 4 of the Dungeon)

   rC:        It protects you from cold.
   rN:        It protects you from negative energy.
Jewellery
 h - a ring of ice
 k - a +6 ring of strength
Scrolls
 d - 2 scrolls of teleportation
 e - a scroll of identify
 g - a scroll of amnesia
 l - a scroll of butterflies
 m - a scroll of magic mapping {unknown}
 o - a scroll of fear {unknown}
Potions
 f - 2 potions of resistance
 p - a potion of invisibility {unknown}


   Skills:
 + Level 3.8 Dodging
 + Level 3.6 Stealth
 + Level 3.2 Spellcasting
 + Level 3.7 Conjurations
 + Level 5.5 Air Magic


You had one spell level left.
You knew the following spells:

 Your Spells              Type           Power      Damage    Failure   Level
a - Shock                 Conj/Air       68%        1d7       2%          1
b - Static Discharge      Conj/Air       34%        2-4/arc   4%          2
c - Swiftness             Air            20%        N/A       6%          3
d - Airstrike             Air            10%        2d(2-18)  19%         4

Your spell library contained the following spells:

 Spells                   Type           Power      Damage    Failure   Level
 Sting                    Tmut/Pois      8%         1d3       19%         1
 Poisonous Vapours        Pois/Air       22%        N/A       9%          2
 Olgreb's Toxic Radiance  Pois           2%         N/A       88%         4


Dungeon Overview and Level Annotations

Branches:
Dungeon (5/15)
 Temple: D:4-7

Altars:
Ashenzari
Elyvilon
Qazlal

Annotations:
D:5 Grinder


Innate Abilities, Weirdness & Mutations

You have a beak for a mouth.
You have claws for feet.
Your magical nature lets you fly swiftly and evasively.


Message History

Grinder blinks!
The adder attacks as you move away! The adder misses you.
The adder completely misses you. The adder attacks as you move away!
The adder closely misses you. The adder attacks as you move away!
The adder bites you but does no damage. The adder attacks as you move away!
The adder misses you. The adder bites you. The adder attacks as you move away!
The adder barely misses you.
Grinder says, "Tell me all your secrets, or I'll kill you."
Grinder blinks!
Grinder hits you.
You writhe in agony.
You hit Grinder.
Grinder is moderately wounded.
The adder misses you. Grinder gestures at you.
You suddenly lose the ability to move!
The adder bites you but does no damage. Grinder hits you!
You writhe in agony.
The adder bites you. The adder bites you but does no damage.
Grinder says, "Tell me all your secrets, or I'll kill you."
Grinder hits you.
You can move again.
It was a potion of curing.
You feel better. The adder closely misses you. Grinder hits you.
You feel very mighty all of a sudden. The adder bites you.
* * * LOW HITPOINT WARNING * * *
You are poisoned.
The adder poisons you! Grinder hits you.
* * * LOW HITPOINT WARNING * * *
You writhe in agony.
* * * LOW HITPOINT WARNING * * *
The adder bites you.
* * * LOW HITPOINT WARNING * * *
You are more poisoned.
The adder poisons you!
It was a potion of berserk rage.
A red film seems to cover your vision as you go berserk!
You feel yourself moving faster!
You feel mighty!
You die...

...#######.####.
###.##......# ##
..#.......###
####.#.......#
#..#.#.......#
#..#.#.##.##########
#.......ยง...........
##.#.#.###.#########
##.####.@S..# #.#
.......5....# #.#
...####.....# ...
#.....# ...
#.#####..... #.#
..... #.# #.# ...


You could see Grinder and an adder.

Vanquished Creatures
  2 orc priests (D:4)
  A sleepcap (D:4)
  An orc wizard (D:4)
  Robin (D:4)
  4 adders
  3 gnolls (D:3)
  3 worms
  5 dart slugs
  17 orcs
  4 bats
  6 endoplasms
  4 giant cockroaches
  14 goblins
  13 hobgoblins
  2 quokkas (D:1)
  7 ball pythons
  4 frilled lizards
  6 kobolds
  6 rats
103 creatures vanquished.

Notes
Turn   | Place    | Note
-------+----------+-------------------------------------------
     0 | D:1      | Pimp the Tengu Air Elementalist began the quest for the
                  | Orb.
     0 | D:1      | Reached XP level 1. HP: 10/10 MP: 4/4
     2 | D:1      | Noticed a spriggan
     2 | D:1      | Noticed a gargoyle
     4 | D:1      | Noticed an ogre
     4 | D:1      | Noticed a merfolk
     6 | D:1      | Noticed an octopode
     6 | D:1      | Noticed a vine stalker
     8 | D:1      | Noticed a naga
    11 | D:1      | Noticed a meteoran
    11 | D:1      | Noticed a ghoul
    13 | D:1      | Noticed a formicid
    15 | D:1      | Noticed a vampire
    15 | D:1      | Noticed a demigod
    17 | D:1      | Noticed a troll
    17 | D:1      | Noticed a minotaur
    19 | D:1      | Noticed a human
    19 | D:1      | Noticed an armataur
    21 | D:1      | Noticed a demonspawn
    21 | D:1      | Noticed a felid
    23 | D:1      | Noticed an elf
    23 | D:1      | Noticed a draconian
    25 | D:1      | Noticed a demonspawn
    27 | D:1      | Noticed a vine stalker
    27 | D:1      | Noticed a naga
   268 | D:1      | Reached XP level 2. HP: 15/15 MP: 0/6
   384 | D:1      | Found a faded altar of an unknown god.
   850 | D:1      | Reached XP level 3. HP: 19/19 MP: 3/7
  1644 | D:2      | Reached XP level 4. HP: 24/24 MP: 8/8
  2460 | D:2      | Learned a level 2 spell: Static Discharge
  2464 | D:2      | Learned a level 3 spell: Swiftness
  2818 | D:3      | Found a broken altar of Ashenzari.
  2848 | D:3      | Gained mutation: Your magical nature lets you fly swiftly
                  | and evasively. [Tengu growth]
  2848 | D:3      | Reached XP level 5. HP: 20/28 MP: 8/10
  3264 | D:3      | Reached skill level 5 in Air Magic
  3617 | D:4      | Reached XP level 6. HP: 22/32 MP: 6/11
  3676 | D:4      | Found a white marble altar of Elyvilon.
  3697 | D:4      | Identified the +2 robe of the Gate {rC+ rN+}
  3721 | D:4      | Noticed Robin
  3752 | D:4      | Killed Robin
  4073 | D:5      | Entered Level 5 of the Dungeon
  4289 | D:5      | Learned a level 4 spell: Airstrike
  4452 | D:4      | Found a stormy altar of Qazlal.
  4571 | D:5      | Noticed Grinder
  4595 | D:5      | Paralysed by Grinder for 3 turns
  4599 | D:5      | HP: 1/32 [adder (1)]
  4600 | D:5      | Succumbed to an adder's poison

Illustrated notes

Levels and vault maps discovered:
D:1:      kb_arrival_jail, layout_loops_ring,
          hellmonk_ecumenical_altar_defaced_shrine, minmay_splitting_lines
D:2:      layout_loops_cross
D:3:      layout_basic, ashenzari_altar_1
D:4:      layout_basic, general_overflow_altar,
          nicolae_qazlal_scattered_showers,
          hangedman_abyss_or_decor_jellyfish_corner, serial_bayou_pond_d,
          minmay_crystal_water, uniq_robin
D:5:      layout_basic, xom_redecorated, nicolae_dithmenos_the_darkroom,
          jmf_multi_god_temple, serial_shops, shop, uniq_grinder,
          uniq_blork_the_orc

Skill      XL: |  1  2  3  4  5 |
---------------+----------------+-----
Conjurations   | 2 3 |  3.7
Dodging        | 3 |  3.8
Stealth        | 3 |  3.6
Air Magic      | 5 |  5.5
Spellcasting   | 3 |  3.2

Action                     |  1- 3 |  4- 6 || total
---------------------------+-------+-------++-------
  Melee: Unarmed           |     3 |       ||     3
         Spear             |    46 |   113 ||   159
         Kick              |    13 |    15 ||    28
         Peck              |     5 |    13 ||    18
         Punch             |       |     1 ||     1
   Cast: Shock             |    44 |    68 ||   112
         Static Discharge  |       |     5 ||     5
         Airstrike         |       |     2 ||     2
    Use: Scroll            |       |    11 ||    11
         Potion            |       |     7 ||     7
   Stab: Sleeping          |     2 |     4 ||     6
 Armour: Robe              |     9 |    17 ||    26
  Dodge: Dodged            |    34 |    66 ||   100
